 Dungeon Crawl Stone Soup version 0.31-a0-18-gea43df2a32 (webtiles) character file.

Game seed: 9900002607470150315

619 ytrimaz the Changer (level 7, -2/41 (43) HPs)
             Began as an Octopode Transmuter on May 8, 2023.
             Was an Initiate of Ashenzari.
             Slain by a wight
             ... wielding a +1 battleaxe
              (18 damage)
             ... on level 4 of the Dungeon on May 11, 2023.
             The game lasted 00:05:22 (4447 turns).

ytrimaz the Changer (Octopode Transmuter)           Turns: 4447, Time: 00:05:22

HP:   -2/41 (43)    AC:  1    Str:  9    XL:     7   Next: 46%
MP:   13/13         EV: 14    Int: 15    God:    Ashenzari [......]
Gold: 198           SH:  0    Dex: 15    Spells: 8/14 levels left

rFire   . .          .
                       - Unarmed
rCold   . . .        (no shield)
rNeg    . . .        (helmet restricted)
rPois   .            (no amulet)
rElec   .            (no ring)
rCorr   .            (no ring)
SInv    .            (no ring)
Will    .....        (no ring)
Stlth   ++           (no ring)
HPRegen 0.26/turn    (no ring)
MPRegen 0.13/turn    (no ring)
                     (no ring)

%: no passive effects
@: lightly drained
A: almost no armour, amphibious, 8 rings, camouflage 1, gelatinous body 1,
(nimble swimmer 1), tentacles
a: Renounce Religion, Curse Item


You were on level 4 of the Dungeon.
You worshipped Ashenzari.
Ashenzari was noncommittal.
You visited 1 branch of the dungeon, and saw 5 of its levels.

You collected 198 gold pieces.


Innate Abilities, Weirdness & Mutations

You cannot wear most types of armour.
You are amphibious.
You can wear up to eight rings at the same time.
Your skin changes colour to match your surroundings (Stealth+).
Your rubbery body absorbs attacks. (AC +1, EV +1)
((You are camouflaged when in or above water. (Stealth+)))
You have tentacles for arms and can constrict up to eight enemies at once.


   Skills:
 - Level 1.0 Fighting
 - Level 2.9 Dodging
 + Level 3.4 Unarmed Combat
 + Level 4.4 Spellcasting
 + Level 4.8 Transmutations
 - Level 4.0 Poison Magic


You had 8 spell levels left.
You knew the following spells:

 Your Spells              Type           Power      Damage    Failure   Level
a - Beastly Appendage     Tmut           34%        N/A       2%          1
b - Wereblood             Tmut           17%        N/A       3%          2
c - Spider Form           Tmut/Pois      16%        N/A       9%          3

Your spell library contained the following spells:

 Spells                   Type           Power      Damage    Failure   Level
 Cigotuvi's Dreadful Rot  Necr/Pois/Air  14%        N/A       16%         2
 Blink                    Tloc           6%         N/A       26%         2
 Ice Form                 Ice/Tmut       10%        N/A       54%         4
 Dispel Undead            Necr           3%         3d7       86%         4
 Manifold Assault         Tloc           3%         N/A       86%         4
 Death Channel            Necr           1%         N/A       100%        6
 Storm Form               Tmut/Air       5%         N/A       100%        7

Inventory:

Missiles
 c - 2 throwing nets
Jewellery
 m - a ring of magical power
   (You found it on level 4 of the Dungeon)
Scrolls
 b - a scroll of enchant armour {unknown}
 e - 2 scrolls of immolation
 i - a scroll of poison {unknown}
 l - a scroll of vulnerability {unknown}
Potions
 a - a potion of lignification
 d - 8 potions of curing
 f - 4 potions of resistance {unknown}
 g - a potion of berserk rage
 h - a potion of haste {unknown}
 j - a potion of heal wounds {unknown}
 k - a potion of might

Dungeon Overview and Level Annotations

Branches:
Dungeon (5/15) Zot: 25563
 Temple: D:4-7

Altars:
Ashenzari
Elyvilon

Shops:
D:2 [! D:4

=
########.#.#################.#
#...#.............# #.#
######.###############.# #.#
.......# #.# #.#
######################.# #.#
.....................#.# #.#
###......###########.#.# #.#
#........######### #.#.#####.#
.........'......@# #.#.#.....#
.........#######z# #.#.#.#####
.........# #.# #.#.#.#.#####
.........# #.# #.#.#.#.....#
###......# #.###.#.#.#.#.###
.<#......# #.##..#.#.#.#...#
#.#.###### ###.##.##.#.#.#.###
#.#.# #...##.##.#.#....# ###.#
#.#.##.##.#..<...#


You could see a wight.


Message History

You are too injured to fight recklessly!
You bite the howler monkey!
The howler monkey looks as sick as possible!
The howler monkey misses you. 😮 MP[+1] Unknown command.
A howler monkey is nearby!
You bite the howler monkey!
You feel a bit better.
You kill the howler monkey!
You hiss as the wereblood boils in your veins! 😕 HP[+3]
You regained 3 hp, and now have 33/43 hp.
No target in view!
Unknown command.
Items here: )))) ††. 😕 HP[+1] No target in view!
Your primal bloodlust has ended.
Your transformation has ended. 😕 HP[+1]
You open the large door.
There is a large open door here.
There is a large open door here.
You now have 198 gold pieces (gained 11).
An iguana comes into view.
Found a stone staircase leading down.
The iguana hisses angrily.
An iguana is nearby! 😎 HP[+8] MP[+2]
Your hp is fully restored (43).
Your mp is fully restored (13).
An iguana is nearby!
The iguana bites you. 😕 HP[-4]
You take 4 damage, and now have 39/43 hp.
Casting: Wereblood (safe; 3% risk of failure)
Confirm with . or Enter, or press ? or * to list all spells.
You turn into a venomous arachnid creature.
The iguana misses you. 😕 MP[-3]
You lost 3 mp, and now have 10/13 mp.
Unknown command.
You barely miss the iguana. The iguana barely misses you.
You hit the iguana.
The iguana is poisoned.
The iguana completely misses you.
You hit the iguana but do no damage.
The iguana misses you. 😕 HP[+1] Unknown command.
You hit the iguana but do no damage.
The iguana looks as sick as possible!
The iguana barely misses you.
A wight comes into view. It is wielding a +3 trident.
Unknown command.
You barely miss the iguana. The iguana barely misses you.
You hit the iguana but do no damage.
The iguana looks as sick as possible!
The iguana barely misses you.
You hit the iguana.
The iguana looks as sick as possible!
You kill the iguana!
Unknown command. 😕 HP[+1] MP[+1]
A wight comes into view. It is wielding a +1 battleaxe.
A wight comes into view. It is wielding a +1 great sword.
There is a stone staircase leading down here.
The wight misses you. 😕 HP[+1]
The wight misses you.
There is a stone staircase leading down here. 😎 HP[+1] MP[+1]
Your hp is fully restored (43).
The wight attacks as you move away! The wight closely misses you.
The wight attacks as you move away! The wight misses you.
The wight attacks as you move away! The wight barely misses you.
There is a large open door here.
The wight attacks as you move away! The wight closely misses you.
There is a large open door here.
Okay, then.
You barely miss the wight. The wight hits you with a +1 battleaxe!
You feel drained.
The wight hits you from afar with a +3 trident!
* * * LOW HITPOINT WARNING * * *
😨 HP[-31]
You now have 41 max hp (-2).
You take 31 damage, and now have 12/41 hp.
MASSIVE DAMAGE!! (PAUSE) Unknown command. 😨 HP[+1] 😨 MP[+1]
Your mp is fully restored (13).
Your transformation is almost over. 😨 HP[+1]
There is a stone staircase leading up here. 😨 HP[+1] Unknown command.
The wight closely misses you.
You climb upwards.
Your transformation has ended.
There is a stone staircase leading down here.
Unknown command.
Unknown command.
You tentacle-slap the wight. You grab the wight.
You constrict the wight, but do no damage.
The wight hits you with a +1 battleaxe!!
You die...

Skill      XL: |  1  2  3  4  5  6  7 |
---------------+----------------------+-----
Poison Magic   | 2 3 4 |  4.0
Spellcasting   | 3 4 |  4.4
Transmutations | 3 4 |  4.8
Fighting       | |  1.0
Dodging        | |  2.9
Unarmed Combat | |  3.4

Action                     |  1- 3 |  4- 6 |  7- 9 || total
---------------------------+-------+-------+-------++-------
  Melee: Unarmed           |    72 |    63 |    45 ||   180
         Tentacles         |    13 |     4 |     1 ||    18
         Constrict         |    20 |     4 |     2 ||    26
         Kick              |    22 |     4 |       ||    26
         Punch             |     4 |     2 |       ||     6
   Cast: Beastly Appendage |    21 |     3 |       ||    24
         Wereblood         |     1 |       |     1 ||     2
         Spider Form       |     1 |     4 |     8 ||    13
    Use: Scroll            |     5 |     1 |     1 ||     7
         Potion            |       |     2 |       ||     2
   Stab: Sleeping          |     3 |       |       ||     3
         Distracted        |       |     1 |       ||     1
 Armour: Skin              |    10 |    34 |     1 ||    45
  Dodge: Dodged            |    42 |    53 |    40 ||   135

Levels and vault maps discovered:
D:1:      minmay_arrival_stone_box, layout_loops_ring, minmay_hexomino_f4
D:2:      layout_basic, serial_shops, nicolae_shop_back_alley_shop,
          nicolae_shop_advertising_works [nicolae_subvault_shop_adworks],
          basic_altar, minmay_misc_feat_alley, st_stairs_8, grunt_ministairs_5,
          hangedman_decor_riveting
D:3:      layout_rooms
D:4:      layout_basic, kennysheep_little_box, serial_shops, shop,
          nicolae_eternal_life, uniq_menkaure
D:5:      layout_basic, okawaru_gym_becter, minmay_temple_entry_stoned_glass

Notes
Turn   | Place    | Note
-------+----------+-------------------------------------------
     0 | D:1      | ytrimaz the Octopode Transmuter began the quest for the
                  | Orb.
     0 | D:1      | Reached XP level 1. HP: 13/13 MP: 3/3
     0 | D:1      | magus.rc [v1.9.6]
    37 | D:1      | Upgraded the game from 0.31-a0-16-g6d2539766c to
                  | 0.31-a0-18-gea43df2a32
    37 | D:1      | magus.rc [v1.9.6]
   167 | D:1      | Reached XP level 2. HP: 16/18 MP: 1/5
   187 | D:1      | Learned a level 2 spell: Wereblood
   912 | D:1      | You add the spells Blink, Manifold Assault and Storm Form
                  | to your library.
   947 | D:2      | You pick up a book of Decay and begin reading...
   947 | D:2      | You add the spells Cigotuvi's Dreadful Rot, Dispel Undead
                  | and Death Channel to your library.
  1171 | D:2      | Reached XP level 3. HP: 16/23 MP: 2/6
  1414 | D:2      | Found Xuor's Distillery.
  1557 | D:2      | Learned a level 3 spell: Spider Form
  1604 | D:2      | Found a white marble altar of Elyvilon.
  1877 | D:2      | Found Gepp's Antique Armour Boutique.
  2277 | D:3      | Reached XP level 4. HP: 27/28 MP: 5/7
  2353 | D:3      | Reached skill level 1 in Poison Magic
  2492 | D:3      | Reached skill level 2 in Poison Magic
  2495 | D:3      | Reached XP level 5. HP: 14/33 MP: 7/9
  2892 | D:4      | Noticed Menkaure
  2899 | D:4      | HP: 4/49 [Menkaure (17)]
  2901 | D:4      | Killed Menkaure
  2902 | D:4      | Reached skill level 3 in Spellcasting
  2902 | D:4      | Reached skill level 3 in Transmutations
  2902 | D:4      | Reached skill level 3 in Poison Magic
  2902 | D:4      | Reached XP level 6. HP: 6/38 MP: 10/10
  3148 | D:4      | Found a broken altar of Ashenzari.
  3178 | D:4      | Reached skill level 4 in Poison Magic
  3201 | D:4      | Became a worshipper of Ashenzari the Shackled
  3332 | D:4      | Found Ocaesix's Jewellery Shoppe.
  3500 | D:4      | Reached skill level 4 in Transmutations
  3500 | D:4      | Reached XP level 7. HP: 27/43 MP: 9/12
  3979 | D:4      | Reached skill level 4 in Spellcasting
  4328 | D:5      | Entered Level 5 of the Dungeon
  4447 | D:4      | Slain by a wight

Vanquished Creatures
  Menkaure (D:4)
  A centaur (D:4)
  An ogre (D:4)
  A scorpion (D:4)
  A howler monkey (D:5)
  An orc priest (D:3)
  2 iguanas
  An orc wizard (D:3)
  4 gnolls (D:5)
  3 adders
  3 worms
  3 dart slugs
  7 orcs
  6 endoplasms
  4 giant cockroaches
  2 hobgoblins
  5 jackals
  A quokka (D:4)
  10 ball pythons
  6 bats
  3 frilled lizards (D:1)
  4 goblins
  5 kobolds
  3 rats
78 creatures vanquished.

Table legend:
 A = Non-vault XP
 B = Vault XP
 C = Vault XP percentage of total XP
 D = Non-vault monster count
 E = Vault monster count
 F = Vault count percentage of total count
                 A         B        C        D         E       F
            +---------+---------+-------+---------+---------+-------
      Total |     702 |     183 |  20.7 |      66 |      12 |  15.4
            +---------+---------+-------+---------+---------+-------
        D:1 |      21 |       6 |  22.2 |      15 |       4 |  21.1
        D:2 |      28 |      23 |  45.1 |      12 |       7 |  36.8
        D:3 |     115 |       0 |   0.0 |      14 |       0 |   0.0
        D:4 |     390 |     154 |  28.3 |      19 |       1 |   5.0
        D:5 |     148 |       0 |   0.0 |       6 |       0 |   0.0
            +---------+---------+-------+---------+---------+-------

Skill      XL: |  1  2  3  4  5  6  7 |
---------------+----------------------+-----
Poison Magic   | 2 3 4 |  4.0
Spellcasting   | 3 4 |  4.4
Transmutations | 3 4 |  4.8
Fighting       | |  1.0
Dodging        | |  2.9
Unarmed Combat | |  3.4

Action                     |  1- 3 |  4- 6 |  7- 9 || total
---------------------------+-------+-------+-------++-------
  Melee: Unarmed           |    72 |    63 |    45 ||   180
         Tentacles         |    13 |     4 |     1 ||    18
         Constrict         |    20 |     4 |     2 ||    26
         Kick              |    22 |     4 |       ||    26
         Punch             |     4 |     2 |       ||     6
   Cast: Beastly Appendage |    21 |     3 |       ||    24
         Wereblood         |     1 |       |     1 ||     2
         Spider Form       |     1 |     4 |     8 ||    13
    Use: Scroll            |     5 |     1 |     1 ||     7
         Potion            |       |     2 |       ||     2
   Stab: Sleeping          |     3 |       |       ||     3
         Distracted        |       |     1 |       ||     1
 Armour: Skin              |    10 |    34 |     1 ||    45
  Dodge: Dodged            |    42 |    53 |    40 ||   135

Illustrated notes

Table legend:
 A = Kills in this place as a percentage of kills in the entire game.
 B = Kills by you in this place as a percentage of kills by you in the entire game.
 C = Kills by friends in this place as a percentage of kills by friends in the entire game.
 D = Other kills in this place as a percentage of other kills in the entire game.
 E = Experience gained in this place as a percentage of experience gained in the entire game.
 F = Experience gained in this place divided by the number of levels of this place that you have seen.
                   A       B       C       D       E      F
               +-------+-------+-------+-------+-------+----------------------
         Total | 100.0 | 100.0 |   N/A |   N/A | 100.0 | 177.0
       Dungeon | 100.0 | 100.0 |   N/A |   N/A | 100.0 | 177.0
               +-------+-------+-------+-------+-------+----------------------

Table legend: (Time is in decaauts)
 A = Elapsed time spent in this place.
 B = Non-inter-level travel time spent in this place.
 C = Inter-level travel time spent in this place.
 D = Time resting spent in this place.
 E = Time spent auto-exploring this place.
 F = Levels seen in this place.
 G = Mean time per level.
                   A        B        C        D        E       F      G
               +--------+--------+--------+--------+--------+-----+--------+
         Total |   4435 |   4332 |    103 |    219 |   3523 |   5 |  887.0 |
       Dungeon |   4435 |   4332 |    103 |    219 |   3523 |   5 |  887.0 |
               +--------+--------+--------+--------+--------+-----+--------+

Top non-repeatable levels by time:
     D:4: 1545 daAuts
     D:2: 1300 daAuts
     D:1: 939 daAuts
     D:3: 535 daAuts
     D:5: 116 daAuts
